 Dungeon Crawl Stone Soup version 0.31-a0-162-gc4c5a43528 (webtiles) character file.

Game seed: 16757729996679951237

123 qw the Chopper (level 5, -3/28 HPs)
             Began as a Gargoyle Fighter on June 12, 2023.
             Splashed by a jelly's acid (5 damage)
             ... on level 3 of the Dungeon.
             The game lasted 00:00:54 (2157 turns).

qw the Chopper (Gargoyle Fighter)                   Turns: 2157, Time: 00:00:54

Health: -3/28      AC: 11    Str: 21    XL:     5   Next: 7%
Magic:  5/5        EV:  9    Int:  9    God:
Gold:   141        SH:  9    Dex:  9    Spells: 4/4 levels left

rFire   . . .        Y - +0 war axe
rCold   + . .        c - +0 buckler
rNeg    + . .        m - +3 scale mail {rC+}
rPois   inf          (no helmet)
rElec   +            l - +0 cloak
rCorr   .            (no gloves)
SInv    +            (no boots)
Will    .....        h - amulet of reflection Stlth
                     e - ring of see invisible
HPRegen 0.24/turn    (no ring)
MPRegen 0.09/turn

%: reflection
@: corroded
A: sickness immunity, AC +4, negative energy resistance 1, electricity
resistance, torment resistance 1, petrification resistance, frail 1
a: no special abilities


You were on level 3 of the Dungeon.
You visited 1 branch of the dungeon, and saw 3 of its levels.

You collected 141 gold pieces.


Innate Abilities, Weirdness & Mutations

You are immune to sickness and miasma.
Your stone body is resilient. (AC +4)
You are immune to poison.
You resist negative energy. (rN+)
You are resistant to electric shocks. (rElec)
You are resistant to unholy torment.
You are immune to petrification.
You are frail. (-10% HP)


   Skills:
 - Level 3.2 Fighting
 + Level 4.6 Axes
 - Level 3.2 Armour
 - Level 3.2 Shields


You had 4 spell levels left.
You didn't know any spells.
Your spell library was empty.

Inventory:

Hand Weapons
 b - a +0 mace
 Y - a +0 war axe (weapon)
Armour
 c - a +0 buckler (worn)
 l - a +0 cloak (worn)
 m - a +3 scale mail of cold resistance (worn)
Jewellery
 e - a ring of see invisible (left hand)
 h - an amulet of reflection (around neck)
Scrolls
 j - a scroll of torment {unknown}
 o - a scroll of identify
Potions
 a - a potion of enlightenment {unknown}
 d - a potion of might
 f - a potion of brilliance {unknown}
 g - a potion of berserk rage {unknown}
 i - a potion of curing
 k - a potion of degeneration {unknown}

Dungeon Overview and Level Annotations

Branches:
Dungeon (3/15)

Altars:


Message History

You hit the quokka.
You kill the quokka!
You now have 141 gold pieces (gained 3).
k - a smoky pink potion
Enter note:
Enter note:
Enter note: You open the door.
There is an open door here.
A kobold comes into view. It is wielding a +0 short sword.
The kobold shouts!
Enter note:
Enter note:
Enter note: A jelly comes into view.
A kobold comes into view. It is wielding a +0 short sword.
The kobold shouts!
You hit the kobold but do no damage.
The kobold hits you but does no damage. x2
You slash the kobold!
You kill the kobold!
You barely miss the jelly. The jelly hits you but does no damage.
You slash the jelly!
Your hands burn!
The jelly is heavily wounded.
The jelly hits you.
You are splashed with acid!
The jelly misses you.
You completely miss the jelly.
The jelly is heavily wounded.
The jelly hits you. The acid corrodes you!
You are splashed with acid!
You hit the jelly.
Your hands burn!
The jelly is heavily wounded.
The jelly hits you but does no damage.
You hit the jelly.
Your hands burn!
The jelly is severely wounded.
The jelly barely misses you. The jelly hits you but does no damage.
You barely miss the jelly.
The jelly is severely wounded.
You block the jelly's attack.
You hit the jelly.
Your hands burn!
You die...

#.........#
#...
#.........#
#.##
#.........#
#.#
#.........#
#.#
#.........#
#.#
#.........#
#.#
##'########
#.# #.# #.#
#@# #.# #J#
#.# #K# #.#
...
#########.##
...
#..........#
.....
#..........#
.....
#..........'
.......
#..........#
#..........#


You could see a jelly and a kobold.

Vanquished Creatures
  Terence (D:2)
  5 adders
  2 worms (D:2)
  4 orcs (D:3)
  4 bats
  4 endoplasms
  5 goblins (D:1)
  2 hobgoblins
  A quokka (D:3)
  6 ball pythons
  4 frilled lizards
  2 kobolds
  4 rats
44 creatures vanquished.

Notes
Turn   | Place    | Note
-------+----------+-------------------------------------------
     0 | D:1      | qw the Gargoyle Fighter began the quest for the Orb.
     0 | D:1      | Reached XP level 1. HP: 14/14 MP: 1/1
     0 | D:1      | 0 ||| qw: Version: 0.2-a-29-gc1b59c4
     0 | D:1      | 0 ||| qw: Game counter: 4348
     0 | D:1      | 0 ||| qw: Always use a shield: true
     0 | D:1      | 0 ||| qw: God list: Okawaru
     0 | D:1      | 0 ||| qw: Allow faded altars: false
     0 | D:1      | 0 ||| qw: Do Orc after D:15 true
     0 | D:1      | 0 ||| qw: Do second Lair branch before Depths: true
     0 | D:1      | 0 ||| qw: Lair rune preference: random
     0 | D:1      | 0 ||| qw: Plans: Normal, Zot:1-4, Slime:5, God:TSO, Crypt,
                  | Tomb, Abyss, Pan, Hells, Win
     0 | D:1      | 0 ||| PLANNING D:1-11
   254 | D:1      | Reached skill level 2 in Axes
   349 | D:1      | Reached XP level 2. HP: 19/19 MP: 2/2
   860 | D:1      | Reached skill level 3 in Axes
   871 | D:1      | 871 ||| UPGRADING to +0 cloak.
   876 | D:1      | 876 ||| UPGRADING to amulet of reflection.
   881 | D:1      | 881 ||| DROPPING amulet of regeneration.
   882 | D:1      | 882 ||| READING scroll labelled JODUGA XIFIUZESI.
   883 | D:1      | 883 ||| READING scroll labelled WOPACAWALAH.
   941 | D:2      | Reached XP level 3. HP: 12/23 MP: 3/3
  1256 | D:2      | Noticed Terence
  1264 | D:2      | Killed Terence
  1265 | D:2      | Reached XP level 4. HP: 21/28 MP: 4/4
  1268 | D:2      | Reached skill level 4 in Axes
  1352 | D:2      | 1352 ||| UPGRADING to +3 scale mail of cold resistance.
  1359 | D:2      | 1359 ||| UPGRADING to +0 scale mail.
  1364 | D:2      | 1364 ||| UPGRADING to +3 scale mail of cold resistance.
  1374 | D:2      | 1374 ||| DROPPING +0 scale mail.
  1681 | D:2      | 1681 ||| UPGRADING to ring of see invisible.
  1682 | D:2      | 1682 ||| READING scroll labelled URGHUF LYNE.
  1683 | D:2      | 1683 ||| READING scroll labelled IDOPUR XETIAGH.
  1684 | D:2      | 1684 ||| DRINKING 2 orange potions.
  1685 | D:2      | 1685 ||| DRINKING 2 murky orange potions.
  1685 | D:2      | Gained mutation: You have hidden genetic defects. [potion
                  | of mutation]
  1685 | D:2      | Gained mutation: Potions are less effective at restoring
                  | your health. [potion of mutation]
  1685 | D:2      | Gained mutation: Your mind is acute. (Int +4, Str/Dex -1)
                  | [potion of mutation]
  1686 | D:2      | 1686 ||| DRINKING potion of mutation.
  1686 | D:2      | Lost mutation: Your mind is acute. (Int +4, Str/Dex -1)
                  | [potion of mutation]
  1686 | D:2      | Lost mutation: Potions are less effective at restoring your
                  | health. [potion of mutation]
  1686 | D:2      | Lost mutation: You have hidden genetic defects. [potion of
                  | mutation]
  1686 | D:2      | Gained mutation: You are frail. (-10% HP) [potion of
                  | mutation]
  1875 | D:3      | 1875 ||| Stepping ~*~*~tactically~*~*~ (stealth).
  1877 | D:3      | 1877 ||| Stepping ~*~*~tactically~*~*~ (stealth).
  1889 | D:3      | 1889 ||| Stepping ~*~*~tactically~*~*~ (stealth).
  1890 | D:3      | 1890 ||| DROPPING +0 club.
  2124 | D:3      | Reached XP level 5. HP: 28/28 MP: 5/5
  2154 | D:3      | HP: 6/28 [acid (2)]
  2155 | D:3      | HP: 2/28 [acid (5)]
  2157 | D:3      | Splashed by a jelly's acid

Levels and vault maps discovered:
D:1:      amcnicky_arrival_gap_in_the_tavern_cellar, layout_loops_corners
D:2:      layout_basic, serial_glass, glass_columns_a, glass_columns_b,
          minmay_misc_feat_encased, nicolae_elevator_lobby_asterisk,
          uniq_terence
D:3:      layout_basic, uniq_sigmund

Skill      XL: |  1  2  3  4 |
---------------+-------------+-----
Axes           | 2 3 4 |  4.6
Fighting       | |  3.2
Armour         | |  3.2
Shields        | |  3.2

Action                     |  1- 3 |  4- 6 || total
---------------------------+-------+-------++-------
  Melee: War axe           |    64 |    70 ||   134
    Use: Scroll            |     2 |     2 ||     4
         Potion            |       |     3 ||     3
 Armour: Scale mail        |    23 |    26 ||    49
  Dodge: Dodged            |    20 |    20 ||    40
  Block: Buckler           |     8 |    27 ||    35

Table legend:
 A = Non-vault XP
 B = Vault XP
 C = Vault XP percentage of total XP
 D = Non-vault monster count
 E = Vault monster count
 F = Vault count percentage of total count
                 A         B        C        D         E       F
            +---------+---------+-------+---------+---------+-------
      Total |     139 |      38 |  21.5 |      43 |       1 |   2.3
            +---------+---------+-------+---------+---------+-------
        D:1 |      30 |       0 |   0.0 |      18 |       0 |   0.0
        D:2 |      60 |      38 |  38.8 |      13 |       1 |   7.1
        D:3 |      49 |       0 |   0.0 |      12 |       0 |   0.0
            +---------+---------+-------+---------+---------+-------
